 Dungeon Crawl Stone Soup version 0.16-a0-3820-g492871e (webtiles) character file.

3021 timbw the Carver (level 9, -2/71 HPs)
             Began as a Demigod Fighter on Jan 28, 2015.
             Slain by an unseen horror (8 damage)
             ... on level 10 of the Dungeon.
             The game lasted 00:30:33 (5720 turns).

timbw the Carver (Demigod Fighter)                  Turns: 5720, Time: 00:30:33

Health: -2/71      AC:  6    Str: 19    XL:     9   Next: 30%
Magic:  15/15      EV: 16    Int: 18    God:
Gold:   255        SH:  0    Dex: 21    Spells: 0 memorised, 8 levels left

rFire  . . .     SeeInvis .     a - +0 long sword
rCold  . . .     Clarity  .     h - +0 ring mail
rNeg   . . .     SustAb   +     (no shield)
rPois  .         Gourm    .     w - +0 helmet
rElec  .         Spirit   .     (no cloak)
rCorr  .         Warding  .     (no gloves)
rMut   .         Stasis   .     (no boots)
MR     .....                    (no amulet)
Stlth  +.........               F - +6 ring of intelligence
                                q - ring of sustain abilities (curse)

@: not resistant to hostile enchantments, very unstealthy
A: sustain abilities
a: no special abilities


You were on level 10 of the Dungeon.
You were hungry.

You visited 1 branch of the dungeon, and saw 10 of its levels.
You also visited: Sewer.

You collected 255 gold pieces.

Inventory:

Hand weapons
 a - a +0 long sword (weapon)
 f - a +0 spear
Missiles
 m - 20 poisoned needles
 r - 6 tomahawks
 s - 5 javelins (quivered)
Armour
 b - a +0 scale mail
 h - a +0 ring mail (worn)
 l - a +0 helmet
 v - a +0 plate armour
 w - a +0 helmet (worn)
 H - a +0 chain mail
Jewellery
 q - a cursed ring of sustain abilities (left hand)
 x - an uncursed ring of magical power
 y - an uncursed ring of positive energy
 C - an uncursed ring of flight
 F - a +6 ring of intelligence (right hand)
Magical devices
 g - a wand of slowing (7)
 t - a wand of confusion (0)
 D - a wand of paralysis (0)
Scrolls
 c - a scroll of blinking
 o - a scroll of fog {unknown}
 A - a scroll of noise
 E - 4 scrolls of teleportation
Potions
 e - 5 potions of restore abilities
 j - a potion of degeneration
 k - a potion of brilliance {unknown}
 n - a potion of lignification {unknown}
 p - a potion of flight {unknown}
 u - a potion of cure mutation {unknown}
 z - a potion of poison {unknown}
Comestibles
 d - 2 bread rations


   Skills:
 + Level 3.8 Fighting
 * Level 10.3 Long Blades
 - Level 2.6 Armour
 + Level 6.0 Dodging
   Level 2.6 Shields


You had 8 spell levels left.
You didn't know any spells.

Dungeon Overview and Level Annotations

Branches:
Dungeon (10/15)            Temple (0/1) D:5
   Lair: D:8-11         Orc: D:9-12

Annotations:
D:9 hackum's ghost, experienced DgGl


Innate Abilities, Weirdness & Mutations

Your attributes are resistant to harm.


Message History

You miss something. Something completely misses you.
Something completely misses you.
You barely miss something. Something completely misses you.
Something barely misses you.
You miss something. Something hits you.
You closely miss something. Something hits you.
You hit something but do no damage. Something barely misses you.
You slash something! Something barely misses you.
You completely miss something. Something hits you. Something hits you!
* * * LOW HITPOINT WARNING * * *
Something hits you but does no damage.
You miss something. Something hits you.
* * * LOW HITPOINT WARNING * * *
You swing at nothing.
Something hits you.
* * * LOW HITPOINT WARNING * * *
Drink which item? (? for menu, Esc to quit)
Okay, then.
You hit something but do no damage. Something hits you but does no damage.
Something hits you!
You die...

... #............
#.. #..........(.
#.. #.......†####
#.. #........#
#.###........####
#............'...
##.##........####
#.#####.####.######
#....@...# #.#
#######..###.##
#............
#.###.###.## ... .#
. ..... .# .......
.# ).:##. .# .. #.
..


There were no monsters in sight!

Vanquished Creatures
  A troll (D:8)
  A two-headed ogre (D:8)
  A hippogriff (D:8)
  2 centaurs (D:6)
  An ice beast (D:7)
  A necrophage (D:8)
  2 phantoms
  5 ogres
  Duvessa (D:9)
  Blork the orc (D:8)
  2 giant frogs
  A big kobold (Sewer)
  A killer bee (D:8)
  2 scorpions
  8 wights
  Dowan (D:9)
  5 crimson imps
  2 jellies
  A giant frog zombie (D:7)
  2 orc priests (D:7)
  4 orc wizards
  An iguana (D:7)
  4 worker ants
  2 hound skeletons
  2 river rats (Sewer)
  3 gnolls (D:6)
  5 adders
  2 shadow imps (D:7)
  5 worms
  An adder skeleton (D:6)
  6 giant geckos
  17 orcs
  A ball python (D:4)
  A bat zombie (D:8)
  4 giant cockroaches
  10 goblins
  13 hobgoblins
  8 jackals
  10 kobolds
  2 quokkas
  6 bats
  2 giant newts
  11 rats
  2 ballistomycetes (D:7)
163 creatures vanquished.

Vanquished Creatures (others)
  A giant spore (D:7)
1 creature vanquished.

Grand Total: 164 creatures vanquished

Notes
Turn   | Place    | Note
--------------------------------------------------------------
     0 | D:1      | timbw, the Demigod Fighter, began the quest for the Orb.
     0 | D:1      | Reached XP level 1. HP: 18/18 MP: 2/2
   216 | D:1      | Reached XP level 2. HP: 20/25 MP: 3/3
   301 | D:1      | You fall through a shaft!
   378 | D:2      | Reached skill level 3 in Long Blades
   528 | D:4      | Found a glowing drain.
   533 | Sewer    | Entered a sewer
   539 | Sewer    | Reached XP level 3. HP: 20/30 MP: 5/5
   574 | Sewer    | Noticed a big kobold
   601 | Sewer    | Killed a big kobold
   601 | Sewer    | Reached skill level 4 in Long Blades
   601 | Sewer    | Reached XP level 4. HP: 17/37 MP: 7/7
   712 | Sewer    | Found a white marble altar of Elyvilon.
   828 | D:5      | Entered Level 5 of the Dungeon
   984 | D:3      | Found a stormy altar of Qazlal.
   989 | D:3      | Found a burning altar of Makhleb.
  1017 | D:3      | Found a shimmering altar of Xom.
  1021 | D:3      | Found a white marble altar of Elyvilon.
  1022 | D:3      | Found a blossoming altar of Fedhas.
  1089 | D:4      | Noticed an ogre
  1114 | D:2      | Reached skill level 1 in Dodging
  1114 | D:2      | Reached XP level 5. HP: 30/42 MP: 8/8
  1217 | D:2      | Reached skill level 5 in Long Blades
  1368 | D:3      | Found an iron altar of Okawaru.
  1407 | D:4      | Noticed an ogre
  1415 | D:4      | Killed an ogre
  1436 | D:4      | Noticed an ogre
  1447 | D:4      | Killed an ogre
  1447 | D:4      | Reached XP level 6. HP: 28/50 MP: 10/10
  1578 | D:5      | Found a staircase to the Ecumenical Temple.
  1676 | D:6      | Reached skill level 6 in Long Blades
  1903 | D:6      | Reached XP level 7. HP: 15/56 MP: 12/12
  2203 | D:6      | Found a shimmering altar of Xom.
  2426 | D:6      | Reached skill level 7 in Long Blades
  2584 | D:6      | Found an iron altar of Okawaru.
  2933 | D:8      | Reached skill level 8 in Long Blades
  3107 | D:7      | Reached XP level 8. HP: 50/62 MP: 13/13
  3276 | D:8      | Noticed Blork the orc
  3288 | D:8      | Killed Blork the orc
  3630 | D:8      | Reached skill level 9 in Long Blades
  3742 | D:8      | Reached skill level 5 in Dodging
  3756 | D:9      | Noticed hackum's ghost (experienced DgGl)
  4796 | D:9      | Reached XP level 9. HP: 58/69 MP: 15/15
  4800 | D:9      | Noticed Duvessa
  4801 | D:9      | Noticed Dowan
  4832 | D:9      | Killed Duvessa
  4847 | D:9      | Killed Dowan
  4912 | D:8      | Noticed a troll
  5009 | D:8      | HP: 1/70 [giant frog (4)]
  5014 | D:8      | Reached skill level 10 in Long Blades
  5171 | D:8      | Killed a troll
  5259 | D:8      | Found a glowing silver altar of Zin.
  5298 | D:8      | Noticed a two-headed ogre
  5305 | D:8      | Killed a two-headed ogre
  5574 | D:10     | Entered Level 10 of the Dungeon
  5720 | D:10     | Slain by an unseen horror

Action                   |  1- 3 |  4- 6 |  7- 9 || total
-------------------------+-------+-------+-------++-------
Melee: Long sword        |   108 |   176 |   445 ||   729
Throw: Javelin           |       |    16 |    41 ||    57
       Tomahawk          |       |       |     2 ||     2
Evoke: Wand              |       |     7 |    11 ||    18
  Use: Potion            |     2 |     3 |     5 ||    10
       Scroll            |     1 |     5 |     5 ||    11
 Stab: Confused          |       |     5 |     1 ||     6
       Paralysed         |       |       |     5 ||     5
  Eat: Chunk             |       |     3 |     5 ||     8
       Bread ration      |       |     1 |       ||     1
       Beef jerky        |       |       |     3 ||     3
